 Dungeon Crawl Stone Soup version 0.27-a0-1147-gb3d8e82157 (webtiles) character file.

Game seed: 1349290587032271119

144 kae the Skirmisher (level 5, 0/42 HPs)
             Began as a Demonspawn Fighter on May 11, 2021.
             Slain by an ice beast (5 damage)
             ... on level 4 of the Dungeon.
             The game lasted 00:01:51 (2693 turns).

kae the Skirmisher (Demonspawn Fighter)             Turns: 2693, Time: 00:01:51

Health: 0/42       AC:  6    Str: 17    XL:     5   Next: 5%
Magic:  5/5        EV:  6    Int: 10    God:
Gold:   70         SH:  8    Dex: 12    Spells: 4/4 levels left

rFire    . . .     SeeInvis .   a - +0 long sword (venom)
rCold    . . .     Faith    .   c - +0 kite shield
rNeg     . . .     Spirit   .   b - +0 scale mail
rPois    .         Reflect  .   (no helmet)
rElec    .         Harm     .   (no cloak)
rCorr    .         Rampage  .   (no gloves)
Will     .....                  (no boots)
Stlth    ..........             (no amulet)
HPRegen  0.14/turn              (no ring)
MPRegen  0.09/turn              (no ring)

@: no status effects
A: hooves 1, powered by death 1
a: no special abilities


You were on level 4 of the Dungeon.
You visited 1 branch of the dungeon, and saw 4 of its levels.

You collected 70 gold pieces.

Inventory:

Hand Weapons
 a - a +0 long sword of venom (weapon)
Armour
 b - a +0 scale mail (worn)
 c - a +0 kite shield (worn)
Jewellery
 e - a ring of protection from cold
Scrolls
 f - a scroll of summoning
 j - a scroll of fear
 l - a scroll of amnesia
Potions
 d - a potion of might
 g - a potion of lignification
 h - 2 potions of curing
 i - a potion of berserk rage {unknown}
 k - a potion of cancellation {unknown}


   Skills:
 + Level 4.1 Fighting
 * Level 4.1 Long Blades
 - Level 2.6 Armour
 - Level 2.6 Shields


You had 4 spell levels left.
You didn't know any spells.
Your spell library was empty.

Dungeon Overview and Level Annotations

Branches:
Dungeon (4/15)
 Temple: D:4-7

Altars:


Innate Abilities, Weirdness & Mutations

You have large cloven feet.
You regenerate a little health from kills.


Message History

You kill the giant cockroach!
You see here a giant cockroach corpse.
An endoplasm comes into view.
The endoplasm quivers.
A ball python comes into view.
The ball python hisses angrily.
The endoplasm freezes you.
You are frozen.
You hit the endoplasm.
You kill the endoplasm!
You barely miss the ball python. You kick the ball python.
You kill the ball python!
An ice beast comes into view.
A jackal comes into view.
The jackal barks!
You hear a bark!
The jackal bites you but does no damage.
Your scale mail prevents you from hitting the jackal.
The jackal closely misses you.
You riposte.
You hit the jackal.
You kill the jackal!
You closely miss the ice beast. Your kick misses the ice beast.
The ice beast hits you. The ice beast freezes you.
You barely miss the ice beast. You kick the ice beast.
The ice beast is lightly wounded.
The ice beast hits you but does no damage.
The ice beast hits you. The ice beast freezes you!
You closely miss the ice beast.
The ice beast is lightly wounded.
The ice beast hits you. The ice beast freezes you!
* * * LOW HITPOINT WARNING * * *
You hit the ice beast but do no damage.
The ice beast is lightly wounded.
The ice beast hits you.
* * * LOW HITPOINT WARNING * * *
The ice beast freezes you.
* * * LOW HITPOINT WARNING * * *
The ice beast hits you but does no damage.
It was a potion of curing.
You feel better. The ice beast hits you.
* * * LOW HITPOINT WARNING * * *
The ice beast freezes you.
You die...

..........# #..†...#
..........###......#
.........†##.......#
..........#..####.####
###.........#####....##
#...................#
#....................
#........##.##.......
####.....##.Y@.......
##...#######.....#
##..# ..... #..# ....
... ... .# #


You could see an ice beast.

Vanquished Creatures
  Jessica (D:2)
  4 adders
  2 worms
  2 orcs
  12 endoplasms
  3 giant cockroaches
  6 goblins
  7 hobgoblins
  A jackal (D:4)
  10 kobolds
  5 quokkas
  5 ball pythons
  2 bats
  2 frilled lizards (D:3)
  7 rats
69 creatures vanquished.

Notes
Turn   | Place    | Note
-------+----------+-------------------------------------------
     0 | D:1      | kae the Demonspawn Fighter began the quest for the Orb.
     0 | D:1      | Reached XP level 1. HP: 18/18 MP: 1/1
   196 | D:1      | Gained mutation: You have large cloven feet. [demonic
                  | ancestry]
   196 | D:1      | Reached XP level 2. HP: 24/24 MP: 2/2
   621 | D:1      | Found a faded altar of an unknown god.
   800 | D:1      | Reached XP level 3. HP: 28/29 MP: 3/3
  1676 | D:2      | Gained mutation: You regenerate a little health from kills.
                  | [demonic ancestry]
  1676 | D:2      | Reached XP level 4. HP: 37/37 MP: 4/4
  1705 | D:2      | Noticed Jessica
  1710 | D:2      | Killed Jessica
  2570 | D:3      | Noticed an ogre
  2639 | D:4      | Reached XP level 5. HP: 41/42 MP: 5/5
  2677 | D:4      | Noticed an ice beast
  2692 | D:4      | HP: 1/42 [ice beast (6)]
  2693 | D:4      | Slain by an ice beast

Illustrated notes

Levels and vault maps discovered:
D:1:      giann_bridges, layout_loops_cross, ebering_ecumenical_altar_ruins
D:2:      layout_rooms, uniq_jessica
D:3:      minmay_spotlight, layout_loops_ring, serial_bayou_pond_d
D:4:      layout_rooms, minmay_overflow_temple_star_quad, portal_sewer_entry_e

Skill      XL: |  1  2  3  4 |
---------------+-------------+-----
Long Blades    | 2 3 4 |  4.1
Fighting       | 4 |  4.1
Armour         | |  2.6
Shields        | |  2.6

Action                   |  1- 3 |  4- 6 || total
-------------------------+-------+-------++-------
Melee: Long sword        |   115 |    74 ||   189
       Kick              |    24 |    13 ||    37
  Use: Scroll            |     2 |     4 ||     6
       Potion            |       |     1 ||     1
Armor: Scale mail        |    51 |    33 ||    84
Dodge: Dodged            |    41 |    19 ||    60
Block: Kite shield       |    51 |    28 ||    79
       Rpst.: Long sword |    15 |     8 ||    23

Table legend: (Time is in decaauts)
 A = Elapsed time spent in this place.
 B = Non-inter-level travel time spent in this place.
 C = Inter-level travel time spent in this place.
 D = Time resting spent in this place.
 E = Time spent auto-exploring this place.
 F = Levels seen in this place.
 G = Mean time per level.
                   A        B        C        D        E       F      G
               +--------+--------+--------+--------+--------+-----+--------+
         Total |   2791 |   2749 |     42 |    231 |   1983 |   4 |  697.8 |
       Dungeon |   2791 |   2749 |     42 |    231 |   1983 |   4 |  697.8 |
               +--------+--------+--------+--------+--------+-----+--------+

Top non-repeatable levels by time:
     D:1: 1113 daAuts
     D:2: 947 daAuts
     D:3: 640 daAuts
     D:4: 90 daAuts
